General information
			
			
        
        - name: BNet
 
        - type: Ladder team game (AT/RT)
 
        - host: Battle.net
 
        - saver: sc2no.wc4yes
 
        
map: Slalom 
        - players: 8
 
        - length: 69:28
 
        - speed: Fast
 - version: 1.22 W3XP
 - replay type:  Public
 
» download(269 KB)
Players
        team 1 (loser) 
              
              
ant1969 (
pink | 54 APM | 3731 actions | 69:27)
              
 10 Keeper of the Grove 
 3 Entangling Roots
 3 Thorns Aura
 1 Tranquility
 3 Force of Nature
 5 Warden 
 3 Shadow Strike
 1 Fan of Knives
 1 Spirit of Vengeance
 
                » actions 
                
                | Assign group hotkey | 57 |  | 
| Basic commands | 1 |  | 
| Build / train | 197 |  | 
| Enter build submenu | 68 |  | 
| Enter hero's abilities submenu | 16 |  | 
| Give item / drop item | 6 |  | 
| Remove unit from queue | 8 |  | 
| Right click | 1218 |  | 
| Select / deselect | 1006 |  | 
| Select group hotkey | 1011 |  | 
| Use ability | 143 |  | 
                3731 total
 » units 
                
                | Wisp | 47 |  | 
| Huntress | 18 |  | 
| Druid of the Talon | 19 |  | 
| Chimaera | 22 |  | 
| Hippogryph | 4 |  | 
| Dryad | 8 |  | 
| Druid of the Claw | 1 |  | 
                119 total
 » upgrades
                
                | Strength of the Wild | 9 |  | 
| Sentinel | 2 |  | 
| Druid of the Talon Training | 2 |  | 
| Reinforced Hides | 9 |  | 
| Mark of the Talon | 1 |  | 
| Nature's Blessing | 3 |  | 
| Corrosive Breath | 1 |  | 
| Well Spring | 2 |  | 
| Ultravision | 2 |  | 
| Upgrade Moon Glaive | 2 |  | 
| Strength of the Moon | 5 |  | 
| Moon Armor | 2 |  | 
| Abolish Magic | 1 |  | 
| Druid of the Claw Training | 2 |  | 
| Mark of the Claw | 1 |  | 
                44 total
 » buildings
                
                | Altar of Elders | 1 |  | 
| Moon Well | 18 |  | 
| Hunter's Hall | 2 |  | 
| Ancient of War | 2 |  | 
| Tree of Ages | 3 |  | 
| Tree of Eternity | 3 |  | 
| Ancient of Wind | 4 |  | 
| Ancient Protector | 24 |  | 
| Ancient of Wonders | 2 |  | 
| Chimaera Roost | 4 |  | 
| Tree of Life | 6 |  | 
| Ancient of Lore | 4 |  | 
                73 total
 » build order
                00:09 Altar of Elders
00:23 Moon Well
00:42 Moon Well
01:44 Hunter's Hall
02:13 Ancient of War
02:53 Moon Well
03:12 Tree of Ages
03:53 Moon Well
05:28 Moon Well
05:31 Moon Well
05:34 Moon Well
05:41 Moon Well
05:43 Tree of Eternity
05:48 Ancient of Wind
05:51 Ancient of Wind
05:55 Ancient of Wind
07:09 Moon Well
07:28 Tree of Ages
07:41 Moon Well
07:46 Hunter's Hall
08:11 Moon Well
09:22 Moon Well
09:28 Tree of Ages
09:32 Moon Well
09:36 Moon Well
09:38 Moon Well
10:50 Ancient Protector
10:55 Ancient Protector
10:58 Ancient Protector
11:01 Ancient Protector
12:09 Ancient of Wonders
12:13 Tree of Eternity
12:17 Ancient of Wind
12:54 Ancient of Wonders
14:45 Chimaera Roost
15:09 Chimaera Roost
15:17 Chimaera Roost
15:26 Chimaera Roost
18:32 Tree of Life
18:36 Ancient Protector
22:09 Ancient Protector
23:02 Ancient Protector
23:05 Ancient Protector
28:04 Tree of Life
35:53 Tree of Life
36:43 Ancient of War
48:00 Tree of Life
48:04 Ancient Protector
49:03 Ancient Protector
49:18 Ancient Protector
49:37 Ancient of Lore
49:40 Ancient of Lore
49:45 Ancient of Lore
49:53 Ancient Protector
50:50 Moon Well
50:53 Moon Well
51:00 Ancient Protector
51:05 Ancient Protector
51:10 Ancient Protector
51:15 Moon Well
53:34 Ancient Protector
53:58 Ancient Protector
54:34 Ancient Protector
57:40 Ancient Protector
58:59 Ancient of Lore
59:04 Tree of Life
59:13 Ancient Protector
59:15 Ancient Protector
59:18 Ancient Protector
59:44 Tree of Eternity
61:17 Ancient Protector
61:21 Ancient Protector
67:22 Tree of Life
» items
                 
               
              
              
1Meridian1 (
purple | 49 APM | 222 actions | 04:34)
              
 1 Warden 
 1 Fan of Knives
 1 Keeper of the Grove 
 1 Force of Nature
 
                » actions 
                
                | Assign group hotkey | 3 |  | 
| Build / train | 28 |  | 
| Enter build submenu | 11 |  | 
| Enter hero's abilities submenu | 2 |  | 
| Right click | 69 |  | 
| Select / deselect | 77 |  | 
| Select group hotkey | 22 |  | 
| Use ability | 10 |  | 
                222 total
 » units 
                » buildings
                
                | Altar of Elders | 1 |  | 
| Moon Well | 3 |  | 
| Ancient of War | 2 |  | 
| Hunter's Hall | 1 |  | 
                7 total
 » build order
                00:13 Altar of Elders
00:22 Moon Well
00:56 Ancient of War
02:15 Hunter's Hall
02:22 Moon Well
02:30 Moon Well
03:05 Ancient of War
 
               
              
              
» 
tragedyx (
teal | 11 APM | 35 actions | 03:12)
              
                » actions 
                
                | Build / train | 1 |  | 
| ESC pressed | 1 |  | 
| Enter build submenu | 3 |  | 
| Right click | 7 |  | 
| Select / deselect | 20 |  | 
| Use ability | 3 |  | 
                35 total
 » buildings
                
                | Moon Well | 1 |  | 
| Altar of Elders | 1 |  | 
| Ancient of War | 1 |  | 
                3 total
 » build order
                00:28 Moon Well
00:48 Altar of Elders
01:06 Ancient of War
 
               
              
              
zombierock22 (
yellow | 13 APM | 891 actions | 69:27)
              
 3 Archmage 
 1 Summon Water Elemental
 2 Blizzard
 2 Blood Mage 
 1 Flame Strike
 1 Siphon Mana
 1 Warden 
 1 Fan of Knives
 2 Mountain King 
 1 Storm Bolt
 1 Thunder Clap
 
                » actions 
                
                | Basic commands | 175 |  | 
| Build / train | 107 |  | 
| Enter build submenu | 42 |  | 
| Enter hero's abilities submenu | 9 |  | 
| Select / deselect | 465 |  | 
| Use ability | 92 |  | 
                891 total
 » units 
                
                | Peasant | 12 |  | 
| Archer | 3 |  | 
| Siege Engine | 6 |  | 
| Knight | 1 |  | 
| Mortar Team | 22 |  | 
| Dragonhawk Rider | 2 |  | 
| Gryphon Rider | 2 |  | 
| Flying Machine | 7 |  | 
| Rifleman | 7 |  | 
| Footman | 7 |  | 
                69 total
 » upgrades
                
                | Gunpowder | 3 |  | 
| Lumber Harvesting | 2 |  | 
| Masonry | 3 |  | 
| Long Rifles | 1 |  | 
| Defend | 1 |  | 
| Flying Machine Bombs | 1 |  | 
                11 total
 » buildings
                
                | Barracks | 1 |  | 
| Altar of Kings | 1 |  | 
| Blacksmith | 1 |  | 
| Lumber Mill | 1 |  | 
| Farm | 12 |  | 
| Keep | 3 |  | 
| Castle | 1 |  | 
| Workshop | 1 |  | 
| Scout Tower | 14 |  | 
| Guard Tower | 1 |  | 
| Cannon Tower | 4 |  | 
| Arcane Tower | 7 |  | 
| Arcane Sanctum | 1 |  | 
| Arcane Vault | 1 |  | 
| Gryphon Aviary | 1 |  | 
| Town Hall | 1 |  | 
                51 total
 » build order
                01:43 Barracks
02:36 Altar of Kings
02:45 Blacksmith
02:51 Lumber Mill
03:04 Farm
04:56 Keep
07:17 Farm
07:24 Farm
07:56 Castle
08:28 Workshop
10:03 Scout Tower
10:12 Scout Tower
10:51 Scout Tower
10:55 Guard Tower
10:58 Cannon Tower
11:17 Scout Tower
11:22 Scout Tower
11:32 Scout Tower
11:43 Arcane Tower
12:19 Arcane Tower
12:31 Arcane Tower
13:44 Arcane Sanctum
14:21 Arcane Vault
15:50 Scout Tower
16:04 Scout Tower
17:17 Arcane Tower
17:32 Arcane Tower
17:38 Scout Tower
17:52 Scout Tower
18:51 Gryphon Aviary
20:12 Cannon Tower
23:01 Town Hall
23:27 Scout Tower
24:48 Scout Tower
27:03 Farm
27:07 Farm
27:13 Scout Tower
27:15 Arcane Tower
28:31 Cannon Tower
28:53 Arcane Tower
29:35 Farm
36:13 Farm
36:16 Farm
36:32 Keep
36:59 Keep
38:41 Scout Tower
39:42 Cannon Tower
46:31 Farm
46:34 Farm
46:38 Farm
46:41 Farm
 
               team 2 (winner) 
              
              
ShYne[wX] (
green | 34 APM | 2035 actions | 60:22)
              
 2 Keeper of the Grove 
 2 Force of Nature
 
                » actions 
                
                | Assign group hotkey | 32 |  | 
| Basic commands | 313 |  | 
| Build / train | 97 |  | 
| ESC pressed | 2 |  | 
| Enter build submenu | 55 |  | 
| Enter hero's abilities submenu | 2 |  | 
| Right click | 515 |  | 
| Select / deselect | 482 |  | 
| Select group hotkey | 382 |  | 
| Use ability | 155 |  | 
                2035 total
 » units 
                
                | Wisp | 46 |  | 
| Druid of the Talon | 16 |  | 
| Faerie Dragon | 14 |  | 
| Mountain Giant | 5 |  | 
                81 total
 » upgrades
                
                | Druid of the Talon Training | 2 |  | 
| Strength of the Wild | 3 |  | 
| Reinforced Hides | 2 |  | 
| Hardened Skin | 1 |  | 
| Resistant Skin | 1 |  | 
                9 total
 » buildings
                
                | Altar of Elders | 1 |  | 
| Moon Well | 13 |  | 
| Tree of Ages | 2 |  | 
| Ancient of War | 2 |  | 
| Tree of Eternity | 1 |  | 
| Ancient of Wind | 4 |  | 
| Hunter's Hall | 1 |  | 
| Tree of Life | 4 |  | 
| Ancient of Wonders | 1 |  | 
| Ancient Protector | 16 |  | 
| Ancient of Lore | 2 |  | 
                47 total
 » build order
                00:17 Altar of Elders
00:20 Moon Well
01:14 Moon Well
02:13 Tree of Ages
02:13 Tree of Ages
02:19 Moon Well
03:35 Moon Well
04:19 Ancient of War
04:45 Tree of Eternity
04:53 Ancient of Wind
04:55 Ancient of Wind
04:57 Ancient of Wind
06:51 Hunter's Hall
09:32 Moon Well
11:01 Tree of Life
11:15 Moon Well
12:08 Moon Well
12:51 Ancient of Wonders
13:02 Moon Well
14:45 Ancient Protector
14:49 Ancient Protector
14:50 Ancient Protector
15:05 Ancient Protector
23:14 Moon Well
26:21 Ancient of Wind
27:06 Moon Well
28:09 Ancient of War
28:55 Ancient Protector
29:13 Ancient Protector
29:38 Ancient Protector
29:50 Ancient Protector
42:39 Tree of Life
46:52 Tree of Life
50:17 Ancient Protector
51:24 Ancient of Lore
51:27 Ancient of Lore
53:16 Moon Well
53:17 Moon Well
54:19 Moon Well
54:56 Ancient Protector
54:57 Ancient Protector
55:02 Ancient Protector
58:12 Ancient Protector
58:14 Ancient Protector
58:23 Tree of Life
59:20 Ancient Protector
59:21 Ancient Protector
 
               
              
              
maxdes (
blue | 17 APM | 1199 actions | 69:27)
              
 8 Death Knight 
 3 Unholy Aura
 3 Death Pact
 1 Animate Dead
 1 Death Coil
 6 Dark Ranger 
 3 Black Arrow
 2 Life Drain
 1 Charm
 
                » actions 
                
                | Basic commands | 16 |  | 
| Build / train | 41 |  | 
| ESC pressed | 3 |  | 
| Enter build submenu | 14 |  | 
| Enter hero's abilities submenu | 14 |  | 
| Give item / drop item | 2 |  | 
| Right click | 749 |  | 
| Select / deselect | 327 |  | 
| Use ability | 33 |  | 
                1199 total
 » units 
                
                | Acolyte | 3 |  | 
| Ghoul | 4 |  | 
| Crypt Fiend | 5 |  | 
| Obsidian Statue | 2 |  | 
| Frost Revenant | 1 |  | 
| Nerubian Webspinner | 1 |  | 
                16 total
 » buildings
                
                | Ziggurat | 7 |  | 
| Altar of Darkness | 1 |  | 
| Crypt | 1 |  | 
| Graveyard | 1 |  | 
| Tomb of Relics | 1 |  | 
| Spirit Tower | 1 |  | 
| Halls of the Dead | 1 |  | 
| Slaughterhouse | 1 |  | 
| Black Citadel | 1 |  | 
| Sacrificial Pit | 1 |  | 
                16 total
 » build order
                00:10 Ziggurat
00:15 Altar of Darkness
00:22 Crypt
01:48 Graveyard
01:57 Tomb of Relics
02:18 Ziggurat
03:40 Spirit Tower
04:00 Ziggurat
05:09 Ziggurat
05:39 Halls of the Dead
07:35 Ziggurat
07:40 Ziggurat
07:45 Ziggurat
08:23 Slaughterhouse
12:29 Black Citadel
12:44 Sacrificial Pit
» items
                
                | Rod of Necromancy | 1 |  | 
| Potion of Healing | 3 |  | 
| Periapt of Vitality | 1 |  | 
| Orb of Venom | 1 |  | 
                6 total
  
               
              
              
Maddog_ld (
orange | 26 APM | 1824 actions | 69:00)
              
 9 Priestess of the Moon 
 3 Searing Arrows
 3 Trueshot Aura
 3 Scout
 
                » actions 
                
                | Assign group hotkey | 63 |  | 
| Basic commands | 339 |  | 
| Build / train | 137 |  | 
| Enter build submenu | 23 |  | 
| Enter hero's abilities submenu | 9 |  | 
| Remove unit from queue | 6 |  | 
| Right click | 468 |  | 
| Select / deselect | 544 |  | 
| Select group hotkey | 156 |  | 
| Use ability | 79 |  | 
                1824 total
 » units 
                
                | Wisp | 33 |  | 
| Archer | 24 |  | 
| Druid of the Talon | 19 |  | 
| Dryad | 21 |  | 
                97 total
 » upgrades
                
                | Ultravision | 1 |  | 
| Strength of the Moon | 3 |  | 
| Moon Armor | 3 |  | 
| Strength of the Wild | 3 |  | 
| Reinforced Hides | 3 |  | 
| Improved Bows | 1 |  | 
| Druid of the Talon Training | 2 |  | 
| Abolish Magic | 1 |  | 
| Well Spring | 1 |  | 
| Marksmanship | 1 |  | 
| Mark of the Talon | 1 |  | 
| Nature's Blessing | 1 |  | 
| Backpack | 1 |  | 
                22 total
 » buildings
                
                | Moon Well | 8 |  | 
| Altar of Elders | 1 |  | 
| Ancient of War | 1 |  | 
| Hunter's Hall | 1 |  | 
| Tree of Ages | 1 |  | 
| Tree of Life | 4 |  | 
| Ancient of Wind | 2 |  | 
| Ancient of Lore | 2 |  | 
| Tree of Eternity | 1 |  | 
| Ancient of Wonders | 1 |  | 
| Ancient Protector | 5 |  | 
                27 total
 » build order
                00:43 Moon Well
00:48 Moon Well
01:01 Altar of Elders
01:15 Ancient of War
02:16 Hunter's Hall
03:00 Moon Well
05:19 Moon Well
05:24 Tree of Ages
08:49 Tree of Life
09:16 Ancient of Wind
09:30 Ancient of Lore
09:39 Ancient of Lore
10:39 Moon Well
10:42 Moon Well
10:45 Moon Well
10:46 Moon Well
14:51 Tree of Eternity
16:40 Ancient of Wonders
18:39 Ancient Protector
18:43 Ancient Protector
18:46 Ancient Protector
18:49 Ancient Protector
19:35 Ancient Protector
42:11 Tree of Life
55:27 Ancient of Wind
59:25 Tree of Life
59:56 Tree of Life
» items
                 
               
              
              
» 
sc2no.wc4yes (
red | 32 APM | 2254 actions | 69:28)
              
 1 Tauren Chieftain 
 1 Endurance Aura
 
                » actions 
                
                | Assign group hotkey | 37 |  | 
| Basic commands | 503 |  | 
| Build / train | 61 |  | 
| ESC pressed | 11 |  | 
| Enter build submenu | 76 |  | 
| Enter hero's abilities submenu | 1 |  | 
| Give item / drop item | 2 |  | 
| Right click | 600 |  | 
| Select / deselect | 611 |  | 
| Select group hotkey | 238 |  | 
| Use ability | 114 |  | 
                2254 total
 » units 
                
                | Peon | 32 |  | 
| Spirit Walker | 5 |  | 
| Tauren | 7 |  | 
| Wind Rider | 1 |  | 
                45 total
 » upgrades
                
                | Spirit Walker Training | 2 |  | 
| Melee Weapons | 2 |  | 
| Armor | 1 |  | 
| Reinforced Defenses | 1 |  | 
                6 total
 » buildings
                
                | Stronghold | 2 |  | 
| Orc Burrow | 11 |  | 
| War Mill | 1 |  | 
| Spirit Lodge | 3 |  | 
| Altar of Storms | 2 |  | 
| Fortress | 1 |  | 
| Great Hall | 2 |  | 
| Tauren Totem | 2 |  | 
| Voodoo Lounge | 1 |  | 
| Watch Tower | 49 |  | 
| Beastiary | 2 |  | 
                76 total
 » build order
                01:30 Stronghold
01:46 Orc Burrow
03:57 War Mill
04:01 Spirit Lodge
04:05 Spirit Lodge
04:08 Orc Burrow
05:12 Altar of Storms
06:05 Orc Burrow
06:28 Fortress
06:39 Orc Burrow
08:18 Great Hall
08:50 Tauren Totem
08:53 Tauren Totem
08:57 Orc Burrow
09:01 Orc Burrow
10:33 Great Hall
11:22 Orc Burrow
11:33 Voodoo Lounge
17:29 Watch Tower
17:30 Watch Tower
17:30 Watch Tower
17:31 Watch Tower
17:31 Watch Tower
17:31 Watch Tower
17:33 Watch Tower
18:12 Watch Tower
18:12 Watch Tower
18:12 Watch Tower
18:13 Watch Tower
18:13 Watch Tower
18:28 Watch Tower
18:31 Watch Tower
19:13 Watch Tower
20:37 Watch Tower
20:42 Watch Tower
21:24 Watch Tower
21:25 Watch Tower
21:44 Spirit Lodge
22:36 Watch Tower
22:36 Watch Tower
22:36 Watch Tower
22:37 Watch Tower
22:37 Watch Tower
22:38 Watch Tower
23:18 Watch Tower
23:18 Watch Tower
23:19 Watch Tower
24:04 Watch Tower
24:04 Watch Tower
24:04 Watch Tower
24:06 Watch Tower
24:06 Watch Tower
24:58 Watch Tower
24:58 Watch Tower
24:59 Watch Tower
25:01 Watch Tower
25:03 Watch Tower
26:39 Stronghold
26:41 Watch Tower
26:41 Watch Tower
27:37 Orc Burrow
27:37 Orc Burrow
27:38 Orc Burrow
27:38 Orc Burrow
27:43 Altar of Storms
29:23 Watch Tower
29:24 Watch Tower
29:24 Watch Tower
29:25 Watch Tower
29:25 Watch Tower
29:29 Watch Tower
29:30 Watch Tower
29:30 Watch Tower
29:38 Beastiary
30:42 Beastiary
» items
                
                | Tiny Great Hall | 2 |  | 
| Scroll of Speed | 1 |  | 
| Scroll of Town Portal | 1 |  | 
| Potion of Healing | 1 |  | 
                5 total
  
                Chat log
          (00:12 / Allies) ShYne[wX]: casters
(00:20 / Allies) Maddog_ld: potm arch dry dot
(00:30 / Allies) ShYne[wX]: already got dot's
(00:36 / All) sc2no.wc4yes: spirit walkers
(00:39 / Allies) sc2no.wc4yes: oops
(00:41 / Allies) sc2no.wc4yes: spirit wlakers
(03:21 / All) sc2no.wc4yes: lol
(03:31 / All) ShYne[wX]: 0-5 could have expected it
(04:10 / Allies) ShYne[wX]: red you getting anything else with those walkers?
(04:12 / Allies) sc2no.wc4yes: clear expo for me
(04:19 / Allies) sc2no.wc4yes: ionly if you get some chims with those dotts
(04:39 / Allies) ShYne[wX]: chims are to damn much =. -
(04:44 / All) sc2no.wc4yes: ffs all we are making are dotts and spirit walkers
(04:48 / All) sc2no.wc4yes: this game was in the fuckin bag
(04:49 / All) zombierock22: bull shit
(04:57 / All) sc2no.wc4yes: 2 of my allies called "casters" when theyre NE
(05:10 / Allies) ShYne[wX]: ...
(05:12 / Allies) ShYne[wX]: dots fuckin own...
(05:19 / Allies) sc2no.wc4yes: no they dont
(05:21 / All) zombierock22: kk
(05:21 / Allies) ShYne[wX]: ...
(05:23 / Allies) ShYne[wX]: ROFL!
(05:28 / Allies) ShYne[wX]: your a noob red xD
(05:35 / Allies) sc2no.wc4yes: if tyou ever want to break 50% solo
(05:36 / Allies) ShYne[wX]: saying dots dont own
(05:42 / Allies) sc2no.wc4yes: try to learn the game
(05:48 / Allies) sc2no.wc4yes: instead of going by how cool the animations look
(05:50 / Allies) ShYne[wX]: first they cast a curse, that does -5 damage to enemy and gives sight of their unit
(06:03 / Allies) ShYne[wX]: and they have cyclone, where you can cyclone all their units and focus on 1
(06:06 / Allies) ShYne[wX]: great support unit
(06:16 / All) zombierock22: stop lothaurs mine
(06:17 / Allies) ShYne[wX]: and their attack is 13 dmg, but on hit with upgrades they do 25
(06:41 / Allies) ShYne[wX]: your the one getting walkers without tauren
(07:04 / Allies) ShYne[wX]: PLUS
(07:08 / Allies) ShYne[wX]: they can trans into crows
(07:14 / Allies) ShYne[wX]: and crows do just as much dmg as hippos
(07:19 / Allies) sc2no.wc4yes: blue lol
(07:26 / Allies) sc2no.wc4yes: how many units di du have before u tried that spot
(08:14 / Allies) Maddog_ld: mine
(08:25 / Allies) ShYne[wX]: red he cleared dude
(09:20 / Allies) ShYne[wX]: ?
(09:36 / Allies) ShYne[wX]: wtf!?
(10:36 / Allies) ShYne[wX]: red get the fuck out
(10:48 / Allies) ShYne[wX]: stop stealing mines dude
(11:11 / Allies) ShYne[wX]: ill clear this for you
(11:52 / Allies) ShYne[wX]: wow red your a fuckin jew
(11:53 / Allies) ShYne[wX]: take the mine
(15:39 / Allies) ShYne[wX]: blue tp to reds base
(16:14 / Allies) ShYne[wX]: red wtf are you doing!
(19:01 / Allies) ShYne[wX]: oj
(19:03 / Allies) ShYne[wX]: wanna help?
(20:13 / Allies) sc2no.wc4yes: owned ass noob
(21:22 / Allies) ShYne[wX]: oj plz help dude
(21:33 / Allies) Maddog_ld: coming
(21:44 / Allies) Maddog_ld: so who need help where?
(21:53 / Allies) ShYne[wX]: then kill reds base
(22:04 / All) sc2no.wc4yes: gjys im tking in case ud idnt notice
(22:08 / All) sc2no.wc4yes: so dont kill my stuff  get ornages
(22:11 / Allies) maxdes: what the fuck red
(22:11 / All) sc2no.wc4yes: blue is already helpless
(22:15 / All) sc2no.wc4yes: no acos and no buildings
(23:22 / All) sc2no.wc4yes: again
(23:23 / All) sc2no.wc4yes: dont attack me
(23:25 / All) sc2no.wc4yes: im helping you
(23:30 / All) sc2no.wc4yes: go south to greens expo
(23:36 / All) sc2no.wc4yes: ,...
(23:40 / All) ShYne[wX]: dumb fuckin bitch got owned
(23:52 / All) sc2no.wc4yes: wow he suicides on towers
(23:53 / All) sc2no.wc4yes: of the tker
(24:02 / All) ShYne[wX]: are you proud your a tker noob?
(24:08 / All) ShYne[wX]: you want a fuckin medal?
(24:59 / Allies) ShYne[wX]: oj
(25:01 / Allies) ShYne[wX]: kill his base
(25:04 / Allies) ShYne[wX]: oh nvm
(25:10 / Allies) ShYne[wX]: ok quick plz
(25:25 / All) sc2no.wc4yes: do any of you speak english on that team
(25:26 / All) sc2no.wc4yes: ?
(25:33 / All) sc2no.wc4yes: press SHIFT + ENTER to chat to all
(25:42 / All) zombierock22: sup
(25:46 / Allies) maxdes: me speak french
(25:51 / All) sc2no.wc4yes: dont attack me, i am not hurting your team
(25:54 / All) sc2no.wc4yes: i already killed blue
(25:56 / All) sc2no.wc4yes: so dont attack me
(25:59 / All) sc2no.wc4yes: go kill their expos
(26:05 / All) sc2no.wc4yes: you know, the gold mines they have outside of their main base
(26:13 / All) sc2no.wc4yes: the last time you attacked, you ran into my towers and suicided
(26:15 / All) sc2no.wc4yes: dont do that again
(26:18 / Allies) maxdes: d'ont speak english
(26:19 / All) sc2no.wc4yes: go kill the green and orange units
(26:27 / Allies) maxdes: no
(26:28 / Allies) Maddog_ld: attaque le pas il dit
(26:33 / All) sc2no.wc4yes: press ALT+A to change ally colors until you can tell between players
(26:39 / Allies) maxdes: me kill you
(26:48 / Allies) maxdes: je sais
(26:52 / Allies) Maddog_ld: lol
(26:57 / Allies) maxdes: il ma attaqué
(27:06 / All) sc2no.wc4yes: oprange is coming to attack you at the bottom of the map
(27:15 / All) sc2no.wc4yes: dont make tanks make mortars
(27:18 / All) sc2no.wc4yes: make more farms
(27:20 / All) sc2no.wc4yes: you need food
(27:22 / All) sc2no.wc4yes: shithead noob
(27:22 / Allies) maxdes: quesqu'il dit
(27:25 / All) sc2no.wc4yes: how can you be this awful
(27:47 / Allies) Maddog_ld: il dit plein de betisse et maintenant il va mourrir
(27:56 / Allies) maxdes: ok
(28:05 / Allies) ShYne[wX]: siege
(28:17 / Allies) maxdes: moi je parle vraiment po englais
(28:17 / Allies) ShYne[wX]: klill altar
(28:30 / Allies) ShYne[wX]: oj back
(28:32 / Allies) ShYne[wX]: ill get siege
(29:07 / Allies) Maddog_ld: damn
(29:08 / Allies) ShYne[wX]: wow oj...
(29:12 / Allies) sc2no.wc4yes: lol
(29:14 / Allies) ShYne[wX]: ...wow
(29:19 / Allies) Maddog_ld: force of habit
(29:21 / Allies) ShYne[wX]: oj your almost as noob as red
(29:28 / Allies) ShYne[wX]: but,...you cant be more noob then red
(29:34 / Allies) ShYne[wX]: lol faeries killed reds tauren xD
(29:55 / Allies) maxdes: il a presque plus d'or dans mine sa devrait po etre trop long pour le batre
(29:57 / All) sc2no.wc4yes: good now go nborht of there
(29:58 / All) sc2no.wc4yes: go up now
(30:09 / Allies) sc2no.wc4yes: you guys are the worst noobs ive ever played iwth
(30:12 / Allies) sc2no.wc4yes: all 7 of you i mean
(30:15 / Allies) sc2no.wc4yes: im saving htis replay
(30:20 / Allies) ShYne[wX]: good
(30:27 / Allies) ShYne[wX]: show your fag friends how faeries owned you
(30:37 / Allies) sc2no.wc4yes: i have a base
(30:38 / Allies) sc2no.wc4yes: do u?
(30:41 / Allies) ShYne[wX]: yepp
(30:45 / Allies) ShYne[wX]: with units ;D
(30:54 / All) ShYne[wX]: last expo up top
(30:57 / Allies) ShYne[wX]: gg
(30:59 / All) ShYne[wX]: gg
(31:02 / Allies) maxdes: lol
(31:12 / All) sc2no.wc4yes: if only we had some dotts awe could rape you guys
(31:19 / All) ShYne[wX]: could of
(31:28 / Allies) ShYne[wX]: lol sucks we would have won too
(31:35 / Allies) ShYne[wX]: dryads would own chims
(31:47 / Allies) Maddog_ld: I got 12 coming around
(31:53 / Allies) ShYne[wX]: ?
(32:01 / All) sc2no.wc4yes: you are suiciding every last unit you have
(32:05 / All) sc2no.wc4yes: on the guy who handed you win
(32:09 / All) sc2no.wc4yes: while they mass dryads at south
(32:41 / All) Maddog_ld: dont listen to him ,I'm not only massing dryad
(33:00 / Allies) maxdes: je vien me réfugier
(33:05 / Allies) Maddog_ld: ok
(33:09 / Allies) sc2no.wc4yes: lol
(33:10 / Allies) maxdes: lol
(33:39 / Allies) sc2no.wc4yes: even now i will be a little amazed if we lose
(33:48 / Allies) ShYne[wX]: stfu red
(33:51 / Allies) ShYne[wX]: your not aloud to speak
(33:58 / Allies) sc2no.wc4yes: allowed
(34:04 / Allies) ShYne[wX]: yes
(34:05 / Allies) ShYne[wX]: allowed
(34:53 / Allies) sc2no.wc4yes: going 7-27 wtihout backstabbing is pretty tough in 4v4
(35:05 / Allies) sc2no.wc4yes: i mean if you just afk you do better than that
(35:34 / Allies) ShYne[wX]: oj hit their base
(36:07 / All) zombierock22: i know
(36:37 / Allies) maxdes: tume donne 400 gold
(36:56 / Allies) sc2no.wc4yes: blue
(36:58 / Allies) sc2no.wc4yes: i did not give you that gold
(37:00 / Allies) ShYne[wX]: blue attack with heros
(37:02 / Allies) sc2no.wc4yes: so you could regift it
(37:05 / Allies) sc2no.wc4yes: that is very rude of you
(37:08 / Allies) sc2no.wc4yes: it was a present from me to you
(37:16 / Allies) ShYne[wX]: stfu
(37:17 / Allies) maxdes: merci
(37:50 / All) sc2no.wc4yes: pink get yellow to make mortar teams
(37:59 / All) sc2no.wc4yes: and then keep them safe
(38:11 / Allies) ShYne[wX]: get that farm
(38:27 / Allies) ShYne[wX]: ill get it then
(38:42 / Allies) ShYne[wX]: exp first
(38:46 / Allies) ShYne[wX]: oj exp first man
(39:04 / All) sc2no.wc4yes: yellow, you need all your forces together
(39:08 / All) sc2no.wc4yes: put your flying units with your land ones
(39:49 / Allies) sc2no.wc4yes: jesus christ is this guy really playing this game?
(39:55 / Allies) ShYne[wX]: purple
(39:58 / Allies) ShYne[wX]: i think their afk
(39:58 / Allies) sc2no.wc4yes: he has got to be  10 yrs old
(40:06 / Allies) sc2no.wc4yes: no he just sent his warden in to die
(40:36 / All) sc2no.wc4yes: you have like 30 units isittin gidle
(40:38 / All) sc2no.wc4yes: in your base
(40:40 / All) sc2no.wc4yes: you fuckign slob
(41:37 / Allies) ShYne[wX]: oj can you give me gold so I can take a exp
(41:54 / Allies) ShYne[wX]: oj
(41:56 / Allies) ShYne[wX]: thx
(42:00 / Allies) maxdes: 400gold pls
(42:01 / Allies) ShYne[wX]: ima make a exp
(42:08 / Allies) ShYne[wX]: u dnt got a aco blue
(42:23 / All) sc2no.wc4yes: right now we have no gold mines, if you keep it that way you can win
(42:31 / Allies) maxdes: merci
(42:35 / All) sc2no.wc4yes: come attack on lower part of map in middle
(43:13 / All) sc2no.wc4yes: yellow, press f11 and give gold to purple or teal, then make ranged units with them to kill faeries
(43:23 / All) sc2no.wc4yes: such as archers, or hippogrphs
(43:34 / All) ShYne[wX]: red your a noob, you dont even know good aa
(43:47 / All) ShYne[wX]: they all suck at killing fairies
(43:48 / Allies) sc2no.wc4yes: im not going to try and get him to use anythign more complicated than an archer
(44:05 / All) ShYne[wX]: LOL
(44:11 / All) ShYne[wX]: flame dosent work on air yellow
(44:24 / All) sc2no.wc4yes: yellow come attack his gold mine
(44:29 / All) sc2no.wc4yes: and there will be no more fairies
(44:32 / Allies) Maddog_ld: that nicew to know
(44:45 / All) sc2no.wc4yes: pink come attack
(44:47 / All) sc2no.wc4yes: be a good boy
(44:52 / All) zombierock22: fairys.....lolz
(44:57 / Allies) Maddog_ld: someone got 200 gold?
(45:04 / All) ShYne[wX]: ROFLL nice yellow
(45:06 / Allies) sc2no.wc4yes: he is flamestriking his own mine
(45:07 / All) ShYne[wX]: u just killed your own team
(45:10 / Allies) sc2no.wc4yes: after you already told him...
(45:33 / Allies) maxdes: prend ton abre d'éterniter va te metre a la place durouge
(45:50 / All) sc2no.wc4yes: send your mortars to attack our gold mines
(46:02 / Allies) maxdes: go
(46:03 / Allies) Maddog_ld: je sais pas si il va etre capable de sortir de la
(46:17 / Allies) ShYne[wX]: ill get you more gold oj
(46:22 / Allies) ShYne[wX]: or I can do it myself
(46:24 / Allies) ShYne[wX]: either or
(46:24 / All) sc2no.wc4yes: do you know what i mean by "gold mine"
(46:39 / All) sc2no.wc4yes: it is the yellow thing on the map
(46:39 / Allies) maxdes: tu veut tu que je te brise queleque chose dans ta base
(46:41 / All) sc2no.wc4yes: that is not a player
(46:47 / All) sc2no.wc4yes: its on the ground and you send slaves into it to get gold
(46:52 / All) sc2no.wc4yes: come kill my teams gold mines
(47:04 / All) sc2no.wc4yes: run yellow
(47:05 / All) sc2no.wc4yes: no
(47:24 / Allies) maxdes: cool il passe
(47:24 / All) sc2no.wc4yes: hyou cant creep a level 9 hero
(47:30 / All) sc2no.wc4yes: you need to attack the enemy, not neutral units
(47:34 / Allies) maxdes: je vais te couvrir
(47:48 / Allies) Maddog_ld: cool merci
(47:51 / All) sc2no.wc4yes: yellow make more units
(47:54 / All) sc2no.wc4yes: like rifles
(48:02 / All) sc2no.wc4yes: rifleman at barracks
(48:17 / All) sc2no.wc4yes: come find our gold mine
(48:20 / All) sc2no.wc4yes: its in middle of map
(48:23 / All) sc2no.wc4yes: haflway across
(48:31 / Allies) maxdes: marque un point dexclamation ou tu veut aller
(48:33 / All) sc2no.wc4yes: go north
(48:37 / All) sc2no.wc4yes: go north 
(48:41 / Allies) maxdes: ok
(48:42 / All) sc2no.wc4yes: our gold mine is not in back of map
(48:43 / All) sc2no.wc4yes: its in middle
(48:46 / All) sc2no.wc4yes: halfway from lef tot right
(48:48 / All) sc2no.wc4yes: middle 
(48:56 / All) sc2no.wc4yes: attack the green tree
(48:58 / All) sc2no.wc4yes: at gold mine
(49:01 / All) sc2no.wc4yes: you just flew past it
(49:03 / All) sc2no.wc4yes: with your gyro
(49:15 / All) sc2no.wc4yes: send all your men to kill those trees at mines in middle
(49:24 / Allies) maxdes: il reste 300 d'or dans la mine
(49:53 / All) sc2no.wc4yes: take your hero pink and come attack
(50:10 / All) sc2no.wc4yes: see where yellows gyros are?
(50:13 / All) sc2no.wc4yes: send all yoru stuff there
(50:52 / Allies) maxdes: tuira dans ma mine apres
(50:58 / All) sc2no.wc4yes: yellow use all the troops you have at home
(51:02 / All) sc2no.wc4yes: u cant win with just 2 gyros attacking
(51:07 / All) sc2no.wc4yes: use pinks hero and all your men
(51:09 / All) sc2no.wc4yes: make more mortars
(51:17 / Allies) maxdes: va dans ma mine
(51:23 / Allies) maxdes: suis moi
(51:30 / Allies) ShYne[wX]: i got a good idea ;D
(51:40 / All) sc2no.wc4yes: say something so i know youre here
(51:51 / All) sc2no.wc4yes: rememberm, i cant hear anythign you say unless you press SHIFT + ENTER first
(51:53 / Allies) maxdes: go
(51:54 / All) sc2no.wc4yes: because i am on enemy team
(52:04 / All) zombierock22: fgg
(52:04 / All) sc2no.wc4yes: press f1 f2 f3 and use your heros too
(52:09 / All) sc2no.wc4yes: dont jsut leave them in your towns
(52:37 / All) sc2no.wc4yes: did pink leave?
(52:49 / All) ant1969: im here
(52:53 / All) sc2no.wc4yes: you should come attack
(52:59 / All) sc2no.wc4yes: the more you let green mine gold the more he builds
(53:05 / All) sc2no.wc4yes: yellow dont go to backk of map
(53:10 / All) sc2no.wc4yes: just kill the trees halfway across
(53:10 / Allies) maxdes: red you suck
(53:16 / All) sc2no.wc4yes: where pink pinged
(53:17 / All) sc2no.wc4yes: go there
(53:24 / All) sc2no.wc4yes: f 1 f2 f3 use your heros
(53:26 / All) sc2no.wc4yes: where he pinged
(53:45 / All) sc2no.wc4yes: see you are attacking a big fortress that is of no threat to you again
(53:51 / All) sc2no.wc4yes: you need to go where yit matters
(53:53 / All) sc2no.wc4yes: which iis the gold mine
(53:57 / All) ShYne[wX]: HERO PWNAGE
(54:11 / All) sc2no.wc4yes: go pink
(54:14 / All) sc2no.wc4yes: attack greens tree mine
(54:25 / All) sc2no.wc4yes: yellow send your rifles to folow inks hero
(55:06 / All) sc2no.wc4yes: ok now the one above that
(55:16 / All) sc2no.wc4yes: get yellow to briong his rifles
(55:19 / All) sc2no.wc4yes: yellows troops
(55:27 / All) sc2no.wc4yes: attack now
(55:30 / All) sc2no.wc4yes: before he builds towers
(55:37 / All) sc2no.wc4yes: use force of nature 
(55:40 / All) sc2no.wc4yes: from your hero
(56:14 / Allies) maxdes: va ten de ou se que tu ait tu va te faire attaquer
(56:18 / All) sc2no.wc4yes: shadowstrike his hero
(56:20 / All) sc2no.wc4yes: with wraden
(56:35 / All) sc2no.wc4yes: after this there is one more mine to the left
(56:51 / All) sc2no.wc4yes: go left now
(56:53 / All) sc2no.wc4yes: for one more mine
(57:06 / All) sc2no.wc4yes: left more
(57:12 / All) sc2no.wc4yes: down and left
(57:17 / All) sc2no.wc4yes: go down now
(57:48 / Allies) maxdes: je te l'avait dit
(57:51 / All) sc2no.wc4yes: grteen has units coming to attack you
(57:58 / All) sc2no.wc4yes: use all your chimeras at top of map
(58:04 / All) sc2no.wc4yes: you have som e chimeras you arent using at top of map in middle
(58:23 / All) sc2no.wc4yes: see where pinks wsips are? kill that
(58:34 / All) sc2no.wc4yes: over your hero pink
(58:38 / All) sc2no.wc4yes: you just walked past some puple units
(58:40 / All) sc2no.wc4yes: the purple air
(58:42 / All) sc2no.wc4yes: you need that
(59:04 / All) sc2no.wc4yes: green has new mines
(59:08 / Allies) maxdes: orange va te faire un arbre 
(59:15 / All) sc2no.wc4yes: tyhey are in middle of map
(59:17 / All) sc2no.wc4yes: on both sides of middle
(59:24 / All) sc2no.wc4yes: south of pinks mine
(59:26 / All) sc2no.wc4yes: there is a green one
(59:29 / Allies) maxdes: des ages
(60:05 / All) sc2no.wc4yes: keep checking our mines
(60:07 / All) sc2no.wc4yes: we are rebuilding them
(60:26 / All) sc2no.wc4yes: yellow run away your land
(63:09 / Allies) Maddog_ld: bleu tu fais quoi?
(64:04 / Allies) maxdes: red fuck you
(64:07 / Allies) sc2no.wc4yes: lol
(64:30 / Allies) maxdes: lo
(64:43 / Allies) maxdes: lol
(67:11 / Allies) sc2no.wc4yes: im glad i gave yellow his 8th win
(67:17 / Allies) sc2no.wc4yes: now he will be encouraged to keep searchign 4v4
(67:42 / Allies) sc2no.wc4yes: if you guys all left rigtht now i could probably win this for you
(67:53 / Allies) sc2no.wc4yes: but orange lost a level 10 hero to 3 units like 20 times
(67:55 / Allies) sc2no.wc4yes: you have no chance
(68:12 / Allies) sc2no.wc4yes: blue use charm once
(68:24 / Allies) sc2no.wc4yes: charm you know, dark rangers ultimate
(68:29 / Allies) sc2no.wc4yes: too late
(68:36 / All) sc2no.wc4yes: GG
(68:48 / All) Maddog_ld: GG al and fuckl you red